 Dungeon Sprint DCSS version 0.22.1-1-ga44c0e56f4 (webtiles) character file.

191 MuseOD the Covert (level 5, -7/29 HPs)
             Began as a Spriggan Enchanter on Sept 26, 2018.
             Was an Initiate of Dithmenos.
             Killed from afar by a deep elf mage (26 damage)
             ... with a shard of ice
             ... in the Dungeon (Sprint III: "The Ten Rune Challenge").
             The game lasted 00:01:46 (862 turns).

MuseOD the Covert (Spriggan Enchanter)               Turns: 862, Time: 00:01:47

Health: -7/29      AC:  3    Str:  4    XL:     5   Next: 41%
Magic:  0/13       EV: 18    Int: 18    God:    Dithmenos [......]
Gold:   25         SH:  0    Dex: 16    Spells: 5/14 levels left

rFire    . . .     SeeInvis +   a - +1 dagger
rCold    . . .     Gourm    .   (shield restricted)
rNeg     . . .     Faith    .   b - +0 robe
rPois    .         Spirit   .   (helmet restricted)
rElec    .         Reflect  .   i - +0 cloak {MR+}
rCorr    .         Harm     .   (gloves unavailable)
MR       +....     NoTele   +   (boots unavailable)
Stlth    ++++......             (no amulet)
HPRegen  0.09/turn              (no ring)
MPRegen  0.13/turn              (no ring)

@: very quick
A: very small, unfitting armour, see invisible, herbivore, speed 3, slow
metabolism 2
a: Renounce Religion


You were in the Dungeon.
You worshipped Dithmenos.
Dithmenos was noncommittal.
You were not hungry.

You visited 1 branch You collected 25 gold pieces.

Inventory:

Hand Weapons
 a - a +1 dagger (weapon)
Armour
 b - a +0 robe (worn)
 i - a +0 cloak of magic resistance (worn)
Wands
 o - a wand of enslavement (17)
Scrolls
 c - 4 scrolls of remove curse
 j - a scroll of blinking
 l - 2 scrolls of torment {unknown}
 m - 3 scrolls of identify
Potions
 e - 2 potions of curing
 f - 2 potions of heal wounds
 g - a potion of haste
 h - 2 potions of magic
 k - 4 potions of mutation
 n - a potion of flight {unknown}
Comestibles
 d - 4 rations


   Skills:
 + Level 3.9 Fighting
 * Level 7.6 Short Blades
 - Level 3.0 Dodging
 + Level 8.9 Stealth
 + Level 5.1 Spellcasting
 + Level 5.8 Hexes


You had 5 spell levels left.
You knew the following spells:

 Your Spells              Type           Power        Failure   Level  Hunger
a - Corona                Hex            ####...      1%          1    None
b - Ensorcelled Hibernat  Hex/Ice        ###...       6%          2    #......
c - Confuse               Hex            ####....     3%          3    ##.....
d - Dazzling Spray        Conj/Hex       ###...       12%         3    ##.....

Your spell library contained the following spells:

 Spells                   Type           Power        Failure   Level  Hunger
 Tukima's Dance           Hex            ####....     3%          3    ##.....


Dungeon Overview and Level Annotations

Branches:
Dungeon (1/1)

Altars:
Dithmenos
Elyvilon
Ru
Yredelemnul
Zin
The Shining One


Innate Abilities, Weirdness & Mutations

You are very small and have problems with some larger weapons.
You are too small for most types of armour.
You have supernaturally acute eyesight. (SInv)
You are a herbivore.
You cover ground extremely quickly.
You need to consume almost no food.


Message History

The deep elf mage mumbles some strange words.
The ice beast misses you. The ice beast completely misses you.
Casting: Ensorcelled Hibernation (safe; 6% risk of failure)
Confirm with . or Enter, or press ? or * to list all spells.
Aiming: Confuse (safe; 3% risk of failure)
Press: ? - help, Shift-Dir - straight line, f/p - deep elf mage
Aim: a deep elf mage, wielding a long sword of holy wrath (chance to defeat MR: The deep elf mage easily resists.
The deep elf mage misses you. The ice beast closely misses you.
The ice beast misses you. The ice beast closely misses you.
Casting: Confuse (safe; 3% risk of failure)
Confirm with . or Enter, or press ? or * to list all spells.
Aiming: Ensorcelled Hibernation (safe; 6% risk of failure)
Press: ? - help, Shift-Dir - straight line, f/p - deep elf mage
Aim: a deep elf mage, wielding a long sword of holy wrath (chance to defeat MR: The deep elf mage easily resists.
The deep elf mage points at you and mumbles some strange words.
The shard of ice hits you!
Ouch! That really hurt!
You die...

▓▓▓▓▓▓▓ ▓▓▓ ..'...♣♣
♣.##### #### ..#....♣
♣.#__Y# #__# ###....♣♣
♣♣.#e@Y# #†_#
..#....≈♣♣♣♣..###Y#+###'##
..#...≈≈♣♣.♣♣.#..........#
..#..≈≈≈≈..♣♣.+.⌠........#
#'#..≈≈≈≈≈≈♣♣.#...######+#
[.#.≈≈≈≈≈≈...E#.⌠.#
..#.≈≈≈≈≈.....#...#
..#.≈≈≈.......#+###
###...........#


You could see a deep elf mage and 3 ice beasts.

Vanquished Creatures
  A necrophage (D)
  Crazy Yiuf (D)
  Jessica (D)
  A necromancer (D)
  A human (D)
  2 oozes (D)
  A rat (D)
8 creatures vanquished.

Vanquished Creatures (others)
  2 draconian scorchers (D)
  6 hellions (D)
  2 yaktaurs (D)
10 creatures vanquished.

Grand Total: 18 creatures vanquished

Notes
Turn   | Place    | Note
-------+----------+-------------------------------------------
     0 | D        | MuseOD the Spriggan Enchanter began the quest for the Orb.
     0 | D        | Reached XP level 1. HP: 9/9 MP: 5/5
    11 | D        | Reached skill level 1 in Fighting
    11 | D        | Reached skill level 5 in Stealth
    14 | D        | Reached XP level 2. HP: 14/14 MP: 6/6
    43 | D        | Learned a level 2 spell: Ensorcelled Hibernation
    50 | D        | Noticed Jessica
    53 | D        | Killed Jessica
    53 | D        | Reached skill level 5 in Short Blades
    53 | D        | Reached skill level 6 in Stealth
    53 | D        | Reached XP level 3. HP: 18/19 MP: 2/8
    61 | D        | Learned a level 3 spell: Confuse
    76 | D        | Killed a hellion
    80 | D        | Killed a hellion
   131 | D        | Killed a hellion
   132 | D        | Killed a hellion
   182 | D        | Killed a hellion
   216 | D        | Killed a white draconian scorcher
   217 | D        | Killed a hellion
   219 | D        | Killed a white draconian scorcher
   334 | D        | Noticed Crazy Yiuf
   348 | D        | Killed a yaktaur
   482 | D        | Killed Crazy Yiuf
   482 | D        | Reached skill level 7 in Stealth
   585 | D        | Killed a yaktaur
   592 | D        | Reached XP level 4. HP: 23/24 MP: 0/10
   789 | D        | Noticed a water elemental
   822 | D        | Learned a level 3 spell: Dazzling Spray
   822 | D        | Found a basalt altar of Yredelemnul.
   822 | D        | Found a shadowy altar of Dithmenos.
   822 | D        | Found a sacrificial altar of Ru.
   822 | D        | Noticed a necrophage
   825 | D        | Killed a necrophage
   825 | D        | Reached skill level 8 in Stealth
   825 | D        | Reached skill level 5 in Spellcasting
   825 | D        | Reached skill level 5 in Hexes
   825 | D        | Reached XP level 5. HP: 29/29 MP: 10/13
   829 | D        | Became a worshipper of Dithmenos the Shadowed
   853 | D        | Found a glowing silver altar of Zin.
   853 | D        | Found a glowing golden altar of the Shining One.
   853 | D        | Found a white marble altar of Elyvilon.
   854 | D        | Noticed a deep elf mage
   859 | D        | Noticed an ice beast
   860 | D        | Noticed an ice beast
   861 | D        | Noticed an ice beast
   862 | D        | Killed from afar by a deep elf mage

Skill      XL: |  1  2  3  4 |
---------------+-------------+-----
Fighting       | 1 2 3 |  3.9
Short Blades   | 3 5 6 7 |  7.6
Stealth        | 5 6 7 8 |  8.9
Spellcasting   | 3 5 |  5.1
Hexes          | 4 5 |  5.8
Dodging        | |  3.0

Action                   |  1- 3 |  4- 6 || total
-------------------------+-------+-------++-------
Melee: Dagger            |    19 |     3 ||    22
 Cast: Ensorcelled Hiber |     5 |     5 ||    10
       Confuse           |     7 |     1 ||     8
  Use: Potion            |     1 |       ||     1
 Stab: Sleeping          |     1 |     2 ||     3
       Confused          |     3 |       ||     3
Armor: Robe              |     2 |       ||     2
Dodge: Dodged            |    12 |     9 ||    21
